[Event "*** Titled Tuesday Blitz"]
[Site "Chess.com"]
[Date "2020.03.03"]
[Round "6"]
[White "Shant_Sargsyan"]
[Black "Jumbo"]
[Result "0-1"]
[WhiteElo "2998"]
[BlackElo "2747"]
[TimeControl "180+1"]
[EndTime "10:03:55 PST"]
[Termination "Jumbo won by resignation"]

1. d4 d6 2. e4 g6 3. Nc3 Bg7 4. Nf3 Nf6 5. h3 Nc6 6. Be3 a6 7. a4 O-O 8. Qd2 Bd7 9. Be2 b5 10. axb5 axb5 11. Rxa8 Qxa8 12. Bxb5 Rb8 13. d5 Nxe4 14.
Nxe4 Rxb5 15. dxc6 Bxc6 16. Ng3 Bxf3 17. gxf3 Rxb2 18. O-O Qxf3 19. Re1 h5 20. Bd4 Rxc2 21. Qxc2 Bxd4 22. Nf1 Qxh3 23. Qe4 e5 24. Qg2 Qf5 25. Nh2 Kg7 26. Nf3 Bb6 27. Nh2 Qf4 28. Qf3 Qd2 29.
Rf1 d5 30. Kh1 e4 31. Qd1 Qg5 32. f3 e3 33. f4 Qf5 34. Qe2 d4 35. Rd1 Qxf4 36.
Rf1 Qe4+ 37. Qf3 Qxf3+ 38. Nxf3 d3 39. Rd1 d2 40. Ng1 Kf6 41. Kg2 Kf5 42. Kf3 g5 43. Rb1 g4+ 44. Ke2 Kg5 45. Rb5+ f5 46. Re5 h4 47.
Re8 Kf4 48. Rh8 Kg3 49. Rg8 f4 50. Nf3 d1=Q+ 51. Kxd1 Kxf3 52. Rh8 e2+ 53. Kc2 e1=Q 0-1

[Event "*** Titled Tuesday Blitz"]
[Site "Chess.com"]
[Date "2020.03.03"]
[Round "6"]
[White "Alexander_Zubov"]
[Black "Man-Chuk"]
[Result "1/2-1/2"]
[WhiteElo "2908"]
[BlackElo "2771"]
[TimeControl "180+1"]
[EndTime "10:04:02 PST"]
[Termination "Game drawn by agreement"]

1. d4 Nf6 2. c4 e6 3. Nf3 d5 4. Nc3 Bb4 5. cxd5 exd5 6. Bg5 h6 7. Bh4 O-O 8. Rc1 c6 9. e3 Bf5 10. Qb3 Bxc3+ 11. bxc3 b5 12. Nd2 Nbd7 13. Be2 Qe7 14. O-O Qe6 15. Rfe1 Nb6 16. Bf1 Ne4 17. Nxe4 Bxe4 18.
f3 Bh7 19. e4 dxe4 20. fxe4 Qg4 21. Bg3 Bxe4 22. Qb4 Nd5 23. Qc5 f5 24. Be5 Qg6 25.
c4 bxc4 26. Qxc4 Rac8 27. Qe2 Rfe8 28. Rc5 Kh7 29. Rec1 Re6 30. Ra5 Re7 31. Qf2 f4 32. Be2 Rf8 33. Bf3 Bxf3 34. Qxf3 Rb7 35. Ra6 Rb1 36.
Rxc6 Qxc6 37. Rxb1 Qc2 38. Re1 Ne3 39. Bxf4 Nxg2 40.
Qxg2 Qxg2+ 41. Kxg2 Rxf4 42. Re7 Rxd4 43. Rxa7 Kg6 1/2-1/2

[Event "*** Titled Tuesday Blitz"]
[Site "Chess.com"]
[Date "2020.03.03"]
[Round "6"]
[White "juniortay"]
[Black "Lubov_Gordyk"]
[Result "0-1"]
[WhiteElo "2487"]
[BlackElo "2643"]
[TimeControl "180+1"]
[EndTime "10:04:05 PST"]
[Termination "Lubov_Gordyk won by resignation"]

1. e4 e5 2. Nc3 Nf6 3. Bc4 c6 4. d4 exd4 5. Qxd4 d6 6. Bf4 Be7 7. O-O-O O-O 8. Bxd6 Bxd6 9. Qxd6 Qb6 10. Qd4 Ng4 11.
Qxb6 axb6 12. Rd2 b5 13. Bb3 Na6 14. f3 Ne5 15. Nge2 Nc5 16. Rhd1 b4 17. Nb1 Be6 18. Nd4 Bd7 19. h3 Na4 20. f4 Ng6 21. g3 c5 22. Nf5 Be6 23. h4 c4 24. Bxa4 Rxa4 25. h5 Bxf5 26. exf5 Ne7 27. g4 Rxa2 28. Rd7 Nc6 29.
Rxb7 b3 30. c3 Raa8 31. Rc7 Rac8 32. Rdd7 h6 33. g5 hxg5 34. fxg5 Rxc7 35. Rxc7 Ne5 36.
Nd2 Nd3+ 37. Kd1 Nxb2+ 38. Ke2 Re8+ 39. Kf3 Nd1 40. Rxc4 b2 41. Rb4 Rd8 42. Rxb2 Nxb2 43. Ne4 f6 44. gxf6 gxf6 45. Nxf6+ Kf7 46. Ne4 Rd3+ 47.
Kf4 Nc4 48. h6 Kg8 49. f6 Rh3 50. f7+ Kf8 51. Ng5 Rxh6 52. Kf5 Nd6+ 53. Ke5 Nxf7+ 54. Nxf7 Kxf7 55. c4 Ke7 56. Kd5 Kd7 57. c5 Rc6 58.
Kc4 Kc7 59. Kd5 Rh6 60. Kc4 Rh5 61. Kb5 Rg5 62. Kc4 Kc6 63. Kd4 Rg4+ 64. Kc3 Kxc5 0-1

[Event "*** Titled Tuesday Blitz"]
[Site "Chess.com"]
[Date "2020.03.03"]
[Round "6"]
[White "afgano29"]
[Black "Indianlad"]
[Result "0-1"]
[WhiteElo "2708"]
[BlackElo "2945"]
[TimeControl "180+1"]
[EndTime "10:04:07 PST"]
[Termination "Indianlad won by resignation"]

1. d4 Nf6 2. c4 g6 3. Nc3 Bg7 4. e4 O-O 5. Nf3 d6 6. Be2 c5 7. O-O Bg4 8. d5 Nfd7 9. h3 Bxf3 10.
Bxf3 Na6 11. Bd2 Nc7 12. Be2 a6 13. a4 Rb8 14. f4 Bd4+ 15. Kh2 e5 16. f5 f6 17. a5 g5 18. h4 gxh4 19. Qe1 Kh8 20. Qxh4 b6 21. axb6 Rxb6 22. Rab1 Rg8 23. Rf3 Ne8 24.
Rh3 Nf8 25. b3 Rb7 26. Bh6 Qe7 27. Bd1 Rg5 28. Bc2 Nd7 29. Ne2 a5 30. Rf1 Rg8 31.
g4 a4 32. bxa4 Rb2 33. Bd3 Bc3 34. g5 fxg5 35. Bxg5 Rxg5 36. f6 Nexf6 37. Qxg5 Bd2 38. Qf5 Rb8 39. Rg1 Bf4+ 40. Nxf4 exf4 41. Qxf4 Ne5 42. Be2 Rf8 43. Qh4 Qf7 44. Rf1 Qe7 45. Rf5 Ng6 46.
Qg5 Qxe4 47. Qxg6 Qxe2+ 48. Qg2 Ng4+ 49. Kg3 Qe3+ 50. Rf3 Qe5+ 51. Kh4 Rg8 52. Qxg4 Qe7+ 53. Kg3 Qe1+ 54. Rf2 Rxg4+ 55. Kxg4 Qxf2 0-1

[Event "*** Titled Tuesday Blitz"]
[Site "Chess.com"]
[Date "2020.03.03"]
[Round "6"]
[White "ChainsOfFantasia"]
[Black "mitraasz"]
[Result "1-0"]
[WhiteElo "2541"]
[BlackElo "2119"]
[TimeControl "180+1"]
[EndTime "10:04:15 PST"]
[Termination "ChainsOfFantasia won on time"]

1. d4 Nf6 2. Nf3 g6 3. c4 Bg7 4.
Nc3 O-O 5. e4 d6 6. Be2 Nbd7 7.
O-O e5 8. Be3 Ng4 9. Bg5 f6 10.
Bh4 Nh6 11. dxe5 dxe5 12. Nd2 c6 13. b4 a5 14. a3 axb4 15. axb4 Rxa1 16. Qxa1 Qb6 17.
Rb1 Nf7 18. c5 Qc7 19. Bc4 Kh8 20. Bxf7 Rxf7 21. Nc4 b6 22. Nd6 Rf8 23. Qa2 Nb8 24.
f3 Na6 25. Bf2 b5 26. Qb3 Qe7 27. Bh4 Nc7 28. Ra1 Ne6 29. Ra8 Bd7 30. Ra7 Nd4 31. Qa3 Rd8 32. Qa6 Qf8 33. Qb6 Rb8 34. Qc7 Be6 35.
h3 Rd8 36. Bf2 Rd7 37. Qb6 Rxa7 38. Qxa7 f5 39. Qc7 fxe4 40. Ncxe4 Bd5 41. Ng5 h6 42.
Ngf7+ Kh7 43. Bh4 Ne6 44. Qb7 Nd8 45. Bxd8 Bxf7 46. Nxf7 e4 47. Qe7 Qxe7 48. Bxe7 e3 49. Kf1 Bc3 50. Ke2 Bxb4 51. Nd8 1-0

[Event "*** Titled Tuesday Blitz"]
[Site "Chess.com"]
[Date "2020.03.03"]
[Round "6"]
[White "ajian"]
[Black "swayamsm"]
[Result "1/2-1/2"]
[WhiteElo "2287"]
[BlackElo "2476"]
[TimeControl "180+1"]
[EndTime "10:04:17 PST"]
[Termination "Game drawn - insufficient material"]

1. d4 Nf6 2. c4 e6 3. Nc3 Bb4 4.
Qc2 O-O 5. a3 Bxc3+ 6. Qxc3 b6 7. Bg5 Bb7 8. f3 d5 9. e3 Nbd7 10. cxd5 exd5 11. Bd3 Re8 12. Ne2 h6 13. Bh4 Rxe3 14.
Bxf6 Qe8 15. Be5 Ba6 16. Rd1 c5 17. Kf2 Nxe5 18. dxe5 d4 19. Qc2 Bxd3 20. Rxd3 Qxe5 21. Ng3 Re8 22. Rhd1 h5 23. Rxe3 Qxe3+ 24. Kf1 h4 25.
Ne4 h3 26. Qd2 Qb3 27. Re1 Re5 28. Qf4 Qd3+ 29. Kg1 f6 30. Rf1 hxg2 31. Kxg2 Qb5 32.
Rf2 Qe8 33. Qg3 Qe6 34. Kh1 Kf7 35. Rg2 g5 36. Qg4 Qxg4 37. Rxg4 d3 38. Rg2 c4 39.
Rd2 Ke6 40. Kg2 g4 41. Kf2 f5 42. Ng3 f4 43. Ne4 gxf3 44. Kxf3 Kd5 45. Nc3+ Kd4 46. Kxf4 a6 47. h4 Re1 48. h5 Rh1 49. Kg5 Ke3 50. Rg2 d2 51. h6 d1=Q 52. Nxd1+ Rxd1 53. h7 Rh1 54. Kg6 b5 55. Kg7 a5 56. h8=Q Rxh8 57.
Kxh8 b4 58. axb4 axb4 59. Rg3+ Kd2 60. Rg4 Kd3 61. Kg7 c3 62. bxc3 bxc3 63. Kf6 c2 64. Rg1 Kd2 65. Rg2+ Kc3 66. Rg1 Kb2 67. Ke5 c1=Q 68. Rxc1 Kxc1 1/2-1/2

[Event "*** Titled Tuesday Blitz"]
[Site "Chess.com"]
[Date "2020.03.03"]
[Round "6"]
[White "Tjktiger"]
[Black "Firouzja2003"]
[Result "1-0"]
[WhiteElo "2802"]
[BlackElo "3060"]
[TimeControl "180+1"]
[EndTime "10:04:20 PST"]
[Termination "Tjktiger won on time"]

1. d4 Nf6 2. c4 e6 3. g3 d5 4. Bg2 Be7 5. Nf3 O-O 6. O-O dxc4 7.
Qc2 a6 8. a4 Bd7 9. Qxc4 Bc6 10. Bf4 a5 11. Nc3 Na6 12. Rfd1 Nb4 13. Rac1 Nfd5 14.
Ne5 Nxf4 15. gxf4 Bxg2 16. Kxg2 Bd6 17. e3 Kh8 18. Ne4 Qe8 19. Qb5 Qxb5 20. axb5 Nd5 21.
Nc5 Bxc5 22. Rxc5 Rad8 23. Rdc1 f6 24. Nd3 Rf7 25. e4 Nb6 26. Rxc7 Rfd7 27. Rxd7 Rxd7 28.
Nc5 Rxd4 29. Nxe6 Rxe4 30. Rd1 Kg8 31. Nc5 Rxf4 32. Rd6 Nc4 33. Rd8+ Kf7 34. Rd7+ Kg6 35. Ne6 Rg4+ 36. Kh3 Re4 37. Nf8+ Kh6 38. Rxb7 Ne5 39. b6 Rb4 40. Ne6 Rxb2 41. Nxg7 Rxf2 42. Ne8 f5 43. Re7 Ng6 44. b7 Rb2 45. Rf7 Kg5 46. Nd6 Nf4+ 47. Kg3 Rb3+ 48. Kf2 Nd3+ 49. Kf1 Kg4 50. Rf8 Ne5 51.
b8=Q Rxb8 52. Rxb8 Nf3 53. Rg8+ Kf4 54. Kf2 Ne5 55.
Rf8 Ng4+ 56. Kg1 Ne3 57. Ra8 Ke5 58. Nf7+ Ke4 59. Nd8 1-0

[Event "*** Titled Tuesday Blitz"]
[Site "Chess.com"]
[Date "2020.03.03"]
[Round "6"]
[White "GM_dmitrij"]
[Black "Chigorinetz"]
[Result "1-0"]
[WhiteElo "2808"]
[BlackElo "2573"]
[TimeControl "180+1"]
[EndTime "10:04:28 PST"]
[Termination "GM_dmitrij won on time"]

1. e4 c5 2. Nf3 Nc6 3. Bb5 g5 4. Nxg5 Nf6 5. Bxc6 dxc6 6. d3 Rg8 7. g3 h6 8. Nf3 Bh3 9. Nc3 c4 10. Bf4 Qb6 11. Qd2 Qxb2 12. Rb1 Qa3 13. Rxb7 cxd3 14. cxd3 Rd8 15. Ke2 Qa6 16. Rhb1 Bg4 17. Rb8 Bc8 18.
Bc7 Rd7 19. Be5 Rd8 20. Bc7 Rd7 21. Rxc8+ Qxc8 22. Rb8 Rxc7 23. Rxc8+ Rxc8 24. Qe3 c5 25. e5 Nd7 26. e6 fxe6 27. Qxe6 Rg7 28. Ne4 Kd8 29. Qa6 e5 30. Qxa7 c4 31. Qa5+ Ke8 32. Nxe5 cxd3+ 33. Kxd3 Rd8 34. Nxd7 Rgxd7+ 35. Ke2 Bg7 36. Qf5 Re7 37. f3 Ra8 38. a4 Raa7 39. Kf2 Rad7 40. Kg2 Rd4 41. a5 Rb4 42. Qc5 Rb2+ 43. Kh3 Re5 44.
Qc6+ Kf7 45. g4 h5 46. a6 Kg8 47. a7 hxg4+ 48. Kg3 Rb3 49. a8=Q+ Kh7 50. Nf6+ 1-0

[Event "*** Titled Tuesday Blitz"]
[Site "Chess.com"]
[Date "2020.03.03"]
[Round "6"]
[White "AlexTruskavetsky"]
[Black "GameOverBro"]
[Result "0-1"]
[WhiteElo "2415"]
[BlackElo "2573"]
[TimeControl "180+1"]
[EndTime "10:04:34 PST"]
[Termination "GameOverBro won on time"]

1. c4 d6 2. g3 g6 3. Bg2 Bg7 4.
d4 e5 5. dxe5 Bxe5 6. Nf3 Bg7 7.
O-O Nc6 8. Nc3 Nf6 9. Bg5 h6 10. Be3 O-O 11. Qd2 Ng4 12. Bf4 g5 13. Be3 Be6 14.
b3 Qf6 15. Rac1 Nxe3 16. Qxe3 Rfe8 17. Qd2 Rac8 18. Nd5 Bxd5 19. cxd5 Nd4 20. Nxd4 Qxd4 21. Qxd4 Bxd4 22. Bh3 Rb8 23. e3 Bb6 24. Bf5 Re5 25. e4 a5 26. Kg2 Ra8 27. Rc4 Kg7 28. f4 Re7 29. Kf3 Kf6 30. Kg4 gxf4 31. gxf4 Rg8+ 32.
Kf3 Ree8 33. Rfc1 Bc5 34. Rxc5 dxc5 35. Rxc5 Re7 36. Bg4 b6 37. Rc6+ Kg7 38. e5 Rd8 39. Ke4 Rd6 40. Rxc7 Rxc7 41. exd6 Ra7 42. d7 Ra8 43.
Ke5 f5 44. Bxf5 Kf7 45. Be6+ Ke7 46. f5 Rh8 47. f6+ Kd8 48. h4 b5 49. Kd6 a4 50.
bxa4 bxa4 51. a3 h5 52. Kc5 Rf8 53. f7 Ke7 54. Kd4 Ra8 55. Ke5 Rh8 56. Kf5 Kf8 0-1

[Event "*** Titled Tuesday Blitz"]
[Site "Chess.com"]
[Date "2020.03.03"]
[Round "6"]
[White "ahkashefi2800"]
[Black "Terao90"]
[Result "0-1"]
[WhiteElo "2103"]
[BlackElo "2414"]
[TimeControl "180+1"]
[EndTime "10:04:42 PST"]
[Termination "Terao90 won by resignation"]

1. e4 c5 2. Nf3 Nc6 3. d4 cxd4 4. Nxd4 g6 5. Nc3 Bg7 6. Be3 Nf6 7. Bc4 O-O 8. Bb3 a5 9. O-O d6 10. Ndb5 a4 11.
Nxa4 Nxe4 12. Qe2 Rxa4 13. Bxa4 Bxb2 14. Rab1 Bg7 15. f3 Nf6 16. Bb3 Bf5 17. Rbd1 Qa5 18.
Nd4 Bd7 19. Qe1 Qc7 20. Nb5 Qb8 21. Bb6 Rc8 22. Nd4 e6 23. Nxc6 bxc6 24. Bd4 c5 25.
Bxf6 Bxf6 26. c4 Bc6 27. Qd2 Bd4+ 28. Kh1 Kg7 29. Qf4 Be5 30. Qh4 Qc7 31. Bc2 h6 32. Be4 Be8 33. f4 Bf6 34. Qf2 Rb8 35. Qd2 Bd4 36. Rb1 Rxb1 37. Rxb1 Qa7 38. Rb7 Qa3 39. h3 Ba4 40. Rb1 Be8 41. Rb3 Qa7 42. Rg3 Qe7 43. f5 exf5 44. Bxf5 Qh4 45. Rg4 Qf6 46. Bd3 Bc6 47. Be4 Bd7 48. Rf4 Qe7 49. Bd5 Be8 50.
Rxd4 cxd4 51. Qxd4+ Kh7 52. a4 Bxa4 53. Kh2 Be8 54.
Qf4 Kg8 55. Qg3 Kg7 56. Qc3+ f6 57. Qd4 g5 58. Kg3 Bf7 59. Kf3 Qe5 60. Qxe5 fxe5 61. g4 Bxd5+ 62. cxd5 Kf7 63. Ke4 Ke8 64. Kf5 Kd7 65. Ke4 Kc7 66. Kf5 Kb6 67. Kg6 e4 68. Kxh6 e3 69. Kxg5 e2 70. h4 e1=Q 71. h5 Qe5+ 72. Kg6 Qxd5 73. h6 Qe6+ 74. Kh5 Qf7+ 75.
Kg5 Qg8+ 76. Kh5 Qf7+ 77. Kh4 Qg6 78. g5 d5 0-1

[Event "*** Titled Tuesday Blitz"]
[Site "Chess.com"]
[Date "2020.03.03"]
[Round "6"]
[White "SlavenPastar"]
[Black "Vusatiuk_Vladimir"]
[Result "0-1"]
[WhiteElo "2470"]
[BlackElo "2316"]
[TimeControl "180+1"]
[EndTime "10:04:55 PST"]
[Termination "Vusatiuk_Vladimir won on time"]

1. d4 d5 2. c4 e6 3. Nc3 Be7 4. Nf3 Nf6 5. Bg5 Nbd7 6. cxd5 Nxd5 7. Bxe7 Qxe7 8. Rc1 Nxc3 9. Rxc3 c5 10. e3 O-O 11.
Bb5 b6 12. O-O Rd8 13. Qc2 Bb7 14. Bxd7 Rxd7 15. dxc5 Bxf3 16. gxf3 bxc5 17. Rxc5 h6 18. Rc1 Rad8 19. Qe4 Rd1+ 20. Kg2 Rxc1 21. Rxc1 Qg5+ 22.
Qg4 Qf6 23. Rc2 g6 24. Qf4 Qxf4 25. exf4 Rd7 26. Kg3 Kg7 27. Kg4 Kf6 28. h3 Rb7 29. b3 Rd7 30. Kg3 Rd5 31. Rc7 Ra5 32. a4 Ra6 33. Rb7 Ra5 34. Kg2 Ra6 35. Kf1 g5 36.
fxg5+ hxg5 37. Kg2 Kg6 38. Kg3 f5 39. f4 gxf4+ 40.
Kxf4 Kf6 41. Kg3 e5 42. Rh7 Kg5 43. Rg7+ Kf6 44. Rb7 Kg6 45. h4 Rc6 46. b4 a6 47.
a5 Rc3+ 48. Kg2 Kh5 49. Re7 e4 50. Rh7+ Kg4 51. Rh6 Rc2 52. Rg6+ Kxh4 53. Kf1 Rb2 54. Rxa6 Rxb4 55. Rf6 Kg5 56. Rf8 Ra4 57. Ra8 Ra2 58. Ke1 Kf4 59. a6 Kf3 60. a7 Ra1+ 61. Kd2 Kxf2 62. Rf8 e3+ 63. Kd3 Ra3+ 64. Kc2 Rxa7 65. Rxf5+ Ke2 66. Rf8 Rc7+ 67. Kb1 Rc5 68. Rd8 Ke1 69.
Rf8 e2 70. Rf7 Kd2 71. Rd7+ Ke3 72. Re7+ Kd3 73. Rd7+ Ke4 74. Re7+ Re5 0-1

[Event "*** Titled Tuesday Blitz"]
[Site "Chess.com"]
[Date "2020.03.03"]
[Round "6"]
[White "Vaathi_Coming"]
[Black "moro182"]
[Result "0-1"]
[WhiteElo "2831"]
[BlackElo "2686"]
[TimeControl "180+1"]
[EndTime "10:04:56 PST"]
[Termination "moro182 won on time"]

1. d4 Nf6 2. Bg5 e6 3. Nd2 h6 4. Bh4 g5 5. Bg3 Nh5 6. e4 Nxg3 7. hxg3 Bg7 8. c3 Nc6 9. Bd3 d6 10. Ne2 e5 11. Bb5 exd4 12. cxd4 O-O 13. Qa4 Bd7 14. O-O a6 15. Bxc6 Bxc6 16. Qc2 Qe7 17. Rfe1 Rfe8 18. d5 Bb5 19. g4 Rac8 20. Ng3 Bd7 21. Qd1 Qe5 22.
Nc4 Qd4 23. Qxd4 Bxd4 24. Rad1 Bg7 25. Nf5 b5 26. Na5 Bxb2 27. Nc6 Kh7 28. Re3 Bxf5 29. gxf5 f6 30. g4 Kg7 31. Kg2 Rh8 32. Rh1 Be5 33.
Re2 Bf4 34. Rc2 Kf7 35. Nd4 Ke7 36. Ne6 Kd7 37. Rc6 a5 38. Rh3 Be5 39. Rb3 b4 40. a3 Bc3 41. axb4 axb4 42. Kf3 h5 43. Rbxc3 hxg4+ 44. Kxg4 Rh4+ 45. Kg3 bxc3 46. f3 Rh1 47. Rxc3 Rb1 48. Ra3 Rb7 49. Rc3 Ra7 50. Rb3 Rh8 51.
Rb4 Rc8 52. Rb3 c5 53. Rb1 c4 54. Rh1 Re8 55. Rh7+ Re7 56. Rh8 Rf7 57. Rd8+ Ke7 58. Rc8 Ra4 59. Rc7+ Ke8 60. Rc8+ Kd7 61. Rc7+ Ke8 62.
Rc6 Rd7 63. Nd4 Ke7 64. Nb5 Rb4 65. Nc3 Ra7 66. Ne2 Kd7 67. Nd4 Rc7 68. Ra6 c3 69. Nc6 c2 0-1

[Event "*** Titled Tuesday Blitz"]
[Site "Chess.com"]
[Date "2020.03.03"]
[Round "6"]
[White "Kobalia"]
[Black "Korona_91"]
[Result "1-0"]
[WhiteElo "2629"]
[BlackElo "2436"]
[TimeControl "180+1"]
[EndTime "10:05:10 PST"]
[Termination "Kobalia won by resignation"]

1. e4 e6 2. d3 d5 3. Nd2 c5 4.
Ngf3 Nc6 5. g3 g6 6. Bg2 Bg7 7. O-O Nge7 8. Re1 O-O 9. e5 Qc7 10. Qe2 f6 11. exf6 Bxf6 12. Nb3 b6 13. Bf4 Qd8 14. c3 a5 15. a4 Nf5 16. Ne5 Nxe5 17. Bxe5 Bxe5 18. Qxe5 Qf6 19. Qf4 Ra7 20. Nd2 Ba6 21.
Bf1 Re7 22. Qe5 Qf7 23. f4 Nh6 24. Qg5 Nf5 25. Nf3 d4 26. Ne5 Qe8 27. Bg2 Ne3 28. Rxe3 dxe3 29. Re1 Bb7 30. Rxe3 Bxg2 31. Kxg2 Rf5 32.
Qh4 Rh5 33. Qg4 Kh8 34. Re4 b5 35. axb5 Qxb5 36. Nc4 Qd7 37. Qf3 Rd5 38. Ne5 Qb7 39. Re2 Rd8 40. Nc6 Rxd3 41. Qxd3 Qxc6+ 42. Qe4 Qxe4+ 43. Rxe4 Rb7 44. Re2 Kg7 45. Kf3 Kf6 46.
Ke4 a4 47. Kd3 Ra7 48. Kc4 a3 49. bxa3 Rxa3 50. Rc2 Ra5 51. Re2 h5 52. h3 Kf5 53.
Re5+ Kf6 54. g4 hxg4 55. hxg4 Ra1 56. g5+ Ke7 57. Kxc5 Rf1 58. Re4 Kd7 59. c4 Rf3 60. Kd4 Rf1 61. Ke5 Ke7 62. Kd4 Kd6 63. c5+ Kd7 64. Ke5 Ke7 65. Rc4 Re1+ 66. Kd4 Kd7 67.
c6+ Kc7 68. Kc5 e5 69. Kd5 exf4 70. Rxf4 Rg1 71. Rf7+ Kb6 72. Rb7+ Ka6 73. Rb2 Rxg5+ 74. Kd6 Rg1 75. c7 Rd1+ 76. Ke7 Rc1 77. Kd7 Rd1+ 78. Kc8 g5 79. Kb8 1-0

[Event "*** Titled Tuesday Blitz"]
[Site "Chess.com"]
[Date "2020.03.03"]
[Round "6"]
[White "chris_rock_comic"]
[Black "JSPrepz"]
[Result "1-0"]
[WhiteElo "2892"]
[BlackElo "2747"]
[TimeControl "180+1"]
[EndTime "10:05:12 PST"]
[Termination "chris_rock_comic won by checkmate"]

1. d4 Nf6 2. Bg5 d5 3. e3 e6 4. Nd2 Be7 5. Bd3 O-O 6. f4 c5 7.
c3 b6 8. Qe2 a5 9. Ngf3 Ba6 10.
Ne5 Bxd3 11. Qxd3 Ne8 12. Bxe7 Qxe7 13. O-O Nd6 14. dxc5 bxc5 15. c4 Na6 16. Nc6 Qb7 17. cxd5 exd5 18. Qxd5 Rad8 19. Qf3 Rc8 20. Nxa5 Qb4 21.
Nab3 c4 22. a3 Qb6 23. Nd4 Qxb2 24. Ne4 Nxe4 25. Qxe4 Rfe8 26. Qc2 Qb6 27. Qc3 Qc5 28. Rfc1 Qd5 29. Rab1 h6 30. Rb5 Qd7 31. Nf5 f6 32. Rcb1 Nc7 33. Qxc4+ Kh8 34. Rc5 Ne6 35. Rxc8 Rxc8 36.
Qb4 Rc2 37. Qe4 Qd2 38. Rb8+ Nd8 39. Rxd8+ Qxd8 40. Qxc2 Qa5 41. Kf2 Qxa3 42. Nd4 Qa1 43. g4 Qh1 44. Nf3 Qa1 45. Qc8+ Kh7 46. Qf5+ Kh8 47. Qc2 Qa5 48. Kg3 Qa1 49. h4 Qh1 50. h5 Qf1 51. Qc8+ Kh7 52. Qf5+ Kg8 53. Qc2 Kh8 54.
Qf2 Qh1 55. Qe1 Qxe1+ 56. Nxe1 Kg8 57. Nf3 Kf7 58. Nh4 Ke6 59. Nf5 Kf7 60. Kf3 Kg8 61. Ke4 Kf7 62. Kd5 g6 63. Nxh6+ Kg7 64. hxg6 Kxh6 65. f5 Kg5 66. Ke6 Kxg4 67. g7 Kf3 68.
g8=Q Ke4 69. Kxf6 Kd3 70. Ke5 Kxe3 71. f6 Kd3 72. f7 Kc4 73. f8=Q+ Kc3 74. Qa3+ Kd2 75.
Qg2+ Kd1 76. Qa1# 1-0

[Event "*** Titled Tuesday Blitz"]
[Site "Chess.com"]
[Date "2020.03.03"]
[Round "6"]
[White "Chessmatus"]
[Black "Jungle_Jaguar"]
[Result "0-1"]
[WhiteElo "2378"]
[BlackElo "2582"]
[TimeControl "180+1"]
[EndTime "10:05:15 PST"]
[Termination "Jungle_Jaguar won on time"]

1. d4 Nf6 2. c4 e6 3. g3 d5 4. Nf3 Be7 5. Bg2 O-O 6. O-O dxc4 7. Ne5 Nc6 8. Nxc6 bxc6 9. Na3 Bxa3 10. bxa3 Rb8 11.
Qa4 Qxd4 12. Be3 Qb2 13. Bxa7 Ra8 14. Rfb1 Qxe2 15. Re1 Qh5 16. Bxc6 Bd7 17. Bxd7 Nxd7 18. Qxd7 Rxa7 19. Rec1 Rxa3 20. Rxc4 Qe5 21. Rcc1 c5 22. Qc6 Ra5 23. a4 g6 24. Rab1 Rfa8 25. Rb5 Rxa4 26. Rbxc5 Qf6 27. Qd6 Ra1 28. Rxa1 Qxa1+ 29. Kg2 Qf6 30. h4 Rd8 31. Qe5 Qxe5 32. Rxe5 Kg7 33.
Kf3 Rd2 34. Ra5 Kf6 35. Rb5 Rd3+ 36. Ke2 Ra3 37. Rc5 e5 38. Kf1 h5 39. Kg2 Ra2 40.
Kf3 Kf5 41. Rc4 Ra3+ 42. Ke2 Ke6 43. Rc6+ Kf5 44. Rc4 f6 45. Rb4 Ra2+ 46. Kf3 Ra1 47. Rb5 Re1 48. Rb6 e4+ 49. Kg2 Re2 50. Kf1 Ra2 51. Rb5+ Kg4 52. Rb6 f5 53. Rb3 Rd2 54. Kg2 Rc2 55. Ra3 Rb2 56. Rc3 Rd2 57. Ra3 Rd3 58.
Ra6 f4 59. Rxg6+ Kf5 60. Rg5+ Kf6 61. gxf4 Rd2 62. Re5 Rd4 63. Kg3 Kg6 64. Rg5+ Kh6 65. f5 Rd2 66. Rg6+ Kh7 67. Re6 Re2 68. Re7+ Kg8 69. Re6 Re1 70. Rh6 Kg7 71. Rxh5 Kf6 72. Rh6+ Kxf5 73. Ra6 Rg1+ 74. Kh2 Rg7 75. Ra5+ Kf4 76.
h5 Kf3 77. Rf5+ Kg4 78. Rf6 Kxh5 79. Rf4 Re7 80. Kg3 Kg5 81. Rg4+ Kf5 82. Rf4+ Ke5 83. Rg4 Rf7 84. Rg5+ Kd4 85. Rg4 Kd3 86. Rf4 Rg7+ 87. Kh2 Rg5 88. Kh3 Rg6 0-1

[Event "*** Titled Tuesday Blitz"]
[Site "Chess.com"]
[Date "2020.03.03"]
[Round "6"]
[White "NM2019"]
[Black "czasnaszachy"]
[Result "1-0"]
[WhiteElo "2014"]
[BlackElo "2269"]
[TimeControl "180+1"]
[EndTime "10:05:18 PST"]
[Termination "NM2019 won by checkmate"]

1. c4 Nf6 2. Nf3 g6 3. g3 Bg7 4.
Bg2 O-O 5. O-O d6 6. d4 Nbd7 7. Nc3 Re8 8. e4 e5 9. h3 exd4 10. Nxd4 Ne5 11. b3 Be6 12. Bg5 Qd7 13. Nxe6 Rxe6 14.
Qd2 Rae8 15. Rfe1 Nc6 16. Rad1 Nh5 17. Nd5 Bd4 18. Kh2 Bg7 19. a4 Nd4 20. Qd3 c6 21.
Nf4 Nxf4 22. Bxf4 d5 23. cxd5 cxd5 24. e5 Nc6 25. Qxd5 Qc7 26. Qc5 Bf8 27. Qc1 Qb6 28.
Bxc6 Rxc6 29. Qd2 Qxb3 30. Rb1 Qxa4 31. Rxb7 Rc2 32. Rxa7 Rxd2 33. Rxa4 Rxf2+ 34. Kg1 Rc2 35. Rae4 Bg7 36. R1e2 Rc3 37. Kg2 Re6 38. h4 h6 39.
R2e3 Rc2+ 40. Kf3 Kh7 41. g4 Rc1 42. Kg2 Rc2+ 43. Kf3 Rc1 44. Re2 Rf1+ 45. Kg2 Ra1 46. g5 hxg5 47. hxg5 Kg8 48. Rc4 Ra5 49. Rce4 Bf8 50.
Kf3 Kg7 51. Kg4 Bc5 52. Rc4 Be7 53. Rc8 Ra3 54. Rh2 Rc6 55. Rhh8 Rxc8 56. Rxc8 Ra4 57. Kf3 Bb4 58. Rc7 Ra3+ 59. Ke4 Ra4 60. Kf3 Ba5 61.
Ra7 Ra3+ 62. Ke2 Bb4 63. Rb7 Ra2+ 64. Kd3 Bf8 65. e6 Ra3+ 66. Ke2 Ra4 67. Rxf7+ Kg8 68. Kf3 Ra3+ 69. Kg4 Ra6 70. Rf6 Be7 71. Rxg6+ Kh7 72.
Rh6+ Kg7 73. Kf5 Ra5+ 74. Be5+ Kg8 75. Rh8# 1-0

[Event "*** Titled Tuesday Blitz"]
[Site "Chess.com"]
[Date "2020.03.03"]
[Round "6"]
[White "Zarikovs1999"]
[Black "DonBroca"]
[Result "1-0"]
[WhiteElo "2351"]
[BlackElo "2064"]
[TimeControl "180+1"]
[EndTime "10:05:22 PST"]
[Termination "Zarikovs1999 won on time"]

1. e4 c5 2. Nf3 d6 3. Bb5+ Nd7 4. O-O Nf6 5. Re1 g6 6. c3 a6 7. Ba4 b5 8. Bc2 c4 9. a4 Bb7 10. b3 Bg7 11. axb5 axb5 12. Rxa8 Qxa8 13. Na3 cxb3 14. Nxb5 bxc2 15. Qxc2 O-O 16. d3 Rc8 17. Bd2 Bc6 18. Nbd4 Qa4 19. Qc1 e5 20. Nc2 Nc5 21. Nb4 Nb3 22. Qc2 Nxd2 23. Qxd2 d5 24. Nxc6 Qxc6 25. exd5 Qxc3 26. Qa2 Qxd3 27. Nxe5 Qxd5 28. Qa6 Re8 29. Nf3 Rxe1+ 30. Nxe1 Ne4 31. Qc8+ Bf8 32. Qc2 Qd4 33.
g3 Bc5 34. Nd3 Nxf2 35. Qxc5 Qxd3 36. Kxf2 Qd2+ 37. Kg1 Qd1+ 38. Kf2 Qd8 39. h4 Qf6+ 40. Kg2 h5 41. Qc8+ Kg7 42. Qc4 Qe5 43. Qd3 g5 44. hxg5 Qxg5 45. Qd4+ f6 46. Qd7+ Kg6 47. Qe8+ Kg7 48.
Qe7+ Kh6 49. Qf8+ Kg6 50. Qg8+ Kf5 51. Qd5+ Kg6 52. Qg8+ Kf5 53. Qc8+ Ke4 54. Qc4+ Ke3 55. Qc3+ Ke2 56. Qc4+ Kd1 57. Qf1+ Kc2 58. Qc4+ Kd1 59.
Qf1+ Kd2 60. Qf2+ Kc1 61. Qe1+ Kc2 62. Qe4+ Kc3 63. Kh3 f5 64. Qc6+ Kd3 65. Qd5+ Ke3 66. Qb3+ Ke2 67. Qc2+ Kf3 68. Qd1+ Kf2 69. Qd4+ Qe3 70.
Qb2+ Kf3 71. Qb7+ Ke2 72. Qb2+ Qd2 73. Qe5+ Qe3 74. Qxf5 Qf2 75. Qb5+ Ke1 76. Qb4+ Qd2 77. Qe7+ Qe2 78. Qf7 Qf2 79. Qxh5 Qf1+ 80. Kg4 Qh1 81.
Qxh1+ Kd2 82. Qh2+ Kd3 83. Kh5 Kd4 84. g4 Kd5 85. g5 1-0

[Event "*** Titled Tuesday Blitz"]
[Site "Chess.com"]
[Date "2020.03.03"]
[Round "6"]
[White "Orest_Vovk"]
[Black "ronaldbrizuela"]
[Result "1-0"]
[WhiteElo "2541"]
[BlackElo "2645"]
[TimeControl "180+1"]
[EndTime "10:05:27 PST"]
[Termination "Orest_Vovk won on time"]

1. g4 d5 2. Bg2 c6 3. h3 Nf6 4. d4 h6 5. Bf4 e6 6. Nf3 Bd6 7. Bxd6 Qxd6 8. Nc3 Nbd7 9. Qd3 e5 10. e4 exd4 11. Qxd4 c5 12. Qd3 d4 13. Nb5 Qb6 14. e5 Nd5 15. Nd6+ Ke7 16. Nxd4 cxd4 17. Nf5+ Kf8 18.
Qa3+ Qb4+ 19. Qxb4+ Nxb4 20. Nxd4 Nxe5 21. O-O-O g5 22.
Rhe1 Nbc6 23. Nxc6 Nxc6 24. Bxc6 bxc6 25. Rd6 Be6 26.
Rxc6 Kg7 27. Rc7 Kf6 28. Re3 h5 29. f3 hxg4 30. hxg4 Rh1+ 31. Kd2 Rh2+ 32. Kc3 a5 33. a4 Rd8 34. b3 Rdd2 35. Kb2 Rd5 36. Rcc3 Rh1 37. Rc6 Rdd1 38. Re4 Rb1+ 39. Kc3 Rh2 40.
Kd4 Rd1+ 41. Kc3 Rf1 42. Re3 Rh3 43. Rc5 Rfxf3 44. Rxf3+ Rxf3+ 45. Kb2 Bxg4 46. Rxa5 Be6 47. Ra8 g4 48. Rg8 Rf4 49. a5 Rd4 50. a6 Rd6 51. a7 Bd5 52. Rxg4 Ba8 53. Rg8 Bd5 54. a8=Q Bxa8 55. Rxa8 Ke7 56. b4 f5 57. Ra1 Kd7 58. c4 Kc6 59. Kc3 Re6 60. Rf1 Re5 61. Kd4 Re4+ 62. Kd3 Re5 63. Rf4 Kd6 64. Kd4 Ke6 65.
Rh4 Re1 66. Rh6+ Kf7 67. b5 f4 68. Rh4 Rf1 69. Ke4 Ke6 70. Rxf4 Rd1 71. Ke3 Kd6 72.
Rf5 Kc7 73. Rd5 Rc1 74. Kd4 Kb6 75. Rd6+ Ka5 76. Kc5 1-0